 Dungeon Crawl Stone Soup version 0.32-a0-86-g8db1b9f803 (webtiles) character file.

Game seed: 4062443092088673319

73 Newt the Digger (level 4, -1/25 HPs)
             Began as a Gargoyle Earth Elementalist on Feb 5, 2024.
             Incinerated by a bombardier beetle (3 damage)
             ... with a burning spray
             ... on level 3 of the Dungeon.
             The game lasted 00:02:21 (1996 turns).

Newt the Digger (Gargoyle Earth Elementalist)       Turns: 1996, Time: 00:02:22

Health: -1/25      AC:  6    Str: 12    XL:     4   Next: 27%
Magic:  5/8        EV: 11    Int: 17    God:
Gold:   123        SH:  0    Dex: 10    Spells: 5/9 levels left

rFire   . . .        (no weapon)
rCold   . . .        (no shield)
rNeg    + . .        a - +0 robe
rPois   ∞            (no helmet)
rElec   +            (no cloak)
rCorr   .            k - +0 pair of gloves
SInv    .            (no boots)
Will    .....        (no amulet)
Stlth   +            (no ring)
HPRegen 0.24/turn    (no ring)
MPRegen 0.11/turn

%: no passive effects
@: brilliant, on fire, glowing
A: sickness immunity, AC +3, negative energy resistance 1, electricity
resistance, torment resistance 1, petrification resistance
a: no special abilities


You were on level 3 of the Dungeon.
You visited 1 branch of the dungeon, and saw 3 of its levels.

You collected 123 gold pieces.

Inventory:

Armour
 a - a +0 robe (worn)
 k - a +0 pair of gloves (worn)
Scrolls
 c - a scroll of enchant armour {unknown}
 d - a scroll of amnesia
 e - 2 scrolls of poison
 f - a scroll of identify {unknown}
 g - a scroll of blinking
 j - a scroll of noise {unknown}
 n - a scroll of torment {unknown}
 o - a scroll of vulnerability {unknown}
Potions
 b - a potion of magic
 h - a potion of brilliance
 i - a potion of resistance {unknown}
 l - a potion of might {unknown}
 m - a potion of heal wounds {unknown}


   Skills:
 + Level 1.0 Fighting
 - Level 1.5 Dodging
 - Level 2.1 Stealth
 * Level 3.0 Spellcasting
 * Level 1.3 Conjurations
 * Level 4.8 Earth Magic


You had 5 spell levels left.
You knew the following spells:

 Your Spells              Type           Power      Damage    Failure   Level
a - Sandblast             Erth           56%        2d13      2%          1
b - Stone Arrow           Conj/Erth      38%        3d9       14%         3

Your spell library contained the following spells:

 Spells                   Type           Power      Damage    Failure   Level
 Passwall                 Erth           28%        N/A       7%          3
 Magic Dart               Conj           40%        1d5       10%         1
 Blink                    Tloc           6%         N/A       26%         2
 Call Imp                 Summ           6%         N/A       26%         2
 Ensorcelled Hibernation  Hex/Ice        6%         N/A       26%         2
 Scorch                   Fire           6%         2d5       26%         2
 Brom's Barrelling Bould  Conj/Erth      19%        2d4       43%         4
 Swiftness                Air            3%         N/A       45%         3
 Volatile Blastmotes      Fire/Tloc      6%         2d10      45%         3
 Petrify                  Alch/Erth      16%        N/A       54%         4
 Flame Wave               Conj/Fire      7%         2d5       78%         4
 Fulminant Prism          Conj/Alch      3%         3d5       78%         4
 Iskenderun's Mystic Bla  Conj/Tloc      7%         2d4       78%         4
 Summon Cactus Giant      Summ           1%         N/A       100%        6


Dungeon Overview and Level Annotations

Branches:
Dungeon (3/15)

Altars:

Annotations:
D:3 3 runed translucent doors, pokeman's ghost, amateur DEHW


Innate Abilities, Weirdness & Mutations

You are immune to sickness and miasma.
Your stone body is resilient. (AC +3)
You are immune to poison.
You resist negative energy. (rN+)
You are resistant to electric shocks. (rElec)
You are resistant to unholy torment.
You are immune to petrification.


Message History

You see here a quokka corpse.
Found a robe.
o - a scroll labelled YBLEME BUBEDOO You see here a +0 robe.
You see here a +0 robe.
There is a stone staircase leading down here.
You pick up a book of Burglary and begin reading...
You add the spells Ensorcelled Hibernation and Swiftness to your library.
Found 2 poisoned darts.
A bombardier beetle comes into view.
You see here 5 gold pieces.
A bombardier beetle is nearby!
The blast of sand hits the bombardier beetle.
The bombardier beetle is lightly wounded.
The blast of sand hits the bombardier beetle but does no damage.
The bombardier beetle is lightly wounded.
The blast of sand hits the bombardier beetle but does no damage.
The bombardier beetle is lightly wounded.
The bombardier beetle sprays incendiary fluid at you.
The burning spray hits you.
You are covered in liquid fire!
The blast of sand hits the bombardier beetle!
The bombardier beetle is severely wounded.
The liquid fire burns you!
You shake off some of the fire as you move.
The liquid fire burns you!
The bombardier beetle sprays incendiary fluid at you.
The burning spray hits you.
You are even more covered in liquid fire!
You shake off some of the fire as you move.
The liquid fire burns you!
You shake off some of the fire as you move.
The liquid fire burns you!
You shake off some of the fire as you move.
The liquid fire burns you!
* * * LOW HITPOINT WARNING * * *
It was a potion of brilliance.
You feel clever all of a sudden. The liquid fire burns you!
You die...

# ..#.#..####... #
.###.#..###### .
.#........ #..######
#..# #..# #
..(###..########.#
#................##.
#.####..B...@.......
#...###########
#....... ...##...##
.# #....# #.#..#
#.#..# #.#..#


You could see a bombardier beetle.

Vanquished Creatures
  2 adders
  A dart slug (D:2)
  2 ribbon worms
  2 ball pythons
  5 endoplasms
  7 hobgoblins
  6 kobolds
  A quokka (D:3)
  6 bats
  2 frilled lizards
  8 goblins
  4 rats (D:1)
46 creatures vanquished.

Notes
Turn   | Place    | Note
-------+----------+-------------------------------------------
     0 | D:1      | Newt the Gargoyle Earth Elementalist began the quest for
                  | the Orb.
     0 | D:1      | Reached XP level 1. HP: 10/10 MP: 3/3
   114 | D:1      | Reached XP level 2. HP: 15/15 MP: 3/5
   197 | D:1      | Reached skill level 4 in Earth Magic
   989 | D:2      | Reached XP level 3. HP: 19/19 MP: 4/6
  1527 | D:3      | Noticed pokeman's ghost (amateur DEHW)
  1540 | D:3      | Found a runed translucent gate.
  1540 | D:3      | Found a runed translucent gate.
  1540 | D:3      | Found a runed translucent gate.
  1765 | D:3      | Reached skill level 1 in Fighting
  1765 | D:3      | Reached XP level 4. HP: 25/25 MP: 5/8
  1769 | D:3      | Learned a level 3 spell: Stone Arrow
  1996 | D:3      | Incinerated by a bombardier beetle

Illustrated notes

Levels and vault maps discovered:
D:1:      wander_arrival_peaceful_grave, layout_basic
D:2:      layout_rooms
D:3:      layout_basic, old_standard_altar, gammafunk_ghost_split,
          dk_vineyard_3, uniq_terence

Skill      XL: |  1  2  3 |
---------------+----------+-----
Earth Magic    | 4 |  4.8
Fighting       | 1 |  1.0
Spellcasting   | 3 |  3.0
Dodging        | |  1.5
Stealth        | |  2.1
Conjurations   | |  1.3

Action                     |  1- 3 |  4- 6 || total
---------------------------+-------+-------++-------
  Melee: Unarmed           |    24 |     7 ||    31
         Punch             |     1 |       ||     1
   Cast: Sandblast         |    45 |    14 ||    59
    Use: Scroll            |     3 |       ||     3
         Potion            |       |     1 ||     1
 Armour: Robe              |    16 |     5 ||    21
  Dodge: Dodged            |    32 |     5 ||    37

Table legend: (Time is in decaauts)
 A = Elapsed time spent in this place.
 B = Non-inter-level travel time spent in this place.
 C = Inter-level travel time spent in this place.
 D = Time resting spent in this place.
 E = Time spent auto-exploring this place.
 F = Levels seen in this place.
 G = Mean time per level.
                   A        B        C        D        E       F      G
               +--------+--------+--------+--------+--------+-----+--------+
         Total |   2025 |   1972 |     53 |     62 |   1612 |   3 |  675.0 |
       Dungeon |   2025 |   1972 |     53 |     62 |   1612 |   3 |  675.0 |
               +--------+--------+--------+--------+--------+-----+--------+

Top non-repeatable levels by time:
     D:1: 918 daAuts
     D:2: 612 daAuts
     D:3: 494 daAuts
